 Dungeon Crawl Stone Soup version 0.31-a0-1074-g0b22e4e0f1 (webtiles) character file.

Game seed: 15754374063103473389

60 cowhearter the Cutter (level 4, -16/29 HPs)
             Began as a Kobold Monk on Dec 3, 2023.
             Demolished by an ogre
             ... wielding a +0 giant club
              (20 damage)
             ... on level 2 of the Dungeon.
             The game lasted 00:02:35 (1647 turns).

cowhearter the Cutter (Kobold Monk)                 Turns: 1647, Time: 00:02:36

Health: -16/29     AC:  3    Str:  8    XL:     4   Next: 24%
Magic:  4/4        EV: 16    Int: 11    God:
Gold:   88         SH:  0    Dex: 19    Spells: 3/3 levels left

rFire   . . .        a - +0 short sword
rCold   . . .        d - orb {light}
rNeg    . . .        b - +0 robe
rPois   .            (no helmet)
rElec   .            (no cloak)
rCorr   .            (no gloves)
SInv    .            j - +0 pair of boots
Will    .....        (no amulet)
Stlth   ++           (no ring)
HPRegen 0.24/turn    (no ring)
MPRegen 0.09/turn

%: no passive effects
@: glowing
A: small, no large weapons, nightstalker 3
a: no special abilities


You were on level 2 of the Dungeon.
You visited 1 branch of the dungeon, and saw 2 of its levels.

You collected 88 gold pieces.

Inventory:

Hand Weapons
 a - a +0 short sword (weapon)
Armour
 b - a +0 robe (worn)
 d - an orb of light (worn)
 j - a +0 pair of boots (worn)
Magical Staves
 f - a staff of air
Jewellery
 l - a ring of flight
Wands
 m - a wand of light (1)
 p - a wand of flame (15)
Scrolls
 e - 2 scrolls of teleportation {unknown}
 g - 2 scrolls of identify {unknown}
 h - a scroll of noise {unknown}
 i - a scroll of brand weapon {unknown}
 q - a scroll of amnesia {unknown}
 r - a scroll of summoning {unknown}
Potions
 c - a potion of ambrosia
 k - 2 potions of curing {unknown}
 n - a potion of might {unknown}
 o - a potion of mutation {unknown}


   Skills:
 + Level 3.7 Fighting
 * Level 5.3 Short Blades
 + Level 4.0 Dodging
 + Level 1.8 Stealth


You had 3 spell levels left.
You didn't know any spells.
Your spell library was empty.

Dungeon Overview and Level Annotations

Branches:
Dungeon (2/15)

Altars:

Annotations:
D:1 1 runed translucent door
D:2 Natasha


Innate Abilities, Weirdness & Mutations

You are small and have problems with some larger weapons.
You are completely attuned to the shadows.


Message History

You hit the quokka.
You kill the quokka!
An ogre comes into view. It is wielding a +0 giant club.
A kobold comes into view. It is wielding a +0 dagger.
The kobold shouts!
A bat comes into view.
Natasha misses you.
The bat moves out of view.
You hit Natasha but do no damage. Natasha claws you but does no damage.
Natasha howls an incantation.
Natasha's front paws start to glow.
Natasha casts a spell.
The kobold throws a stone.
The stone barely misses you.
There is an open door here.
Natasha casts a spell at you. You resist with some effort. The ogre misses you.
You hit the ogre.
The ogre is lightly wounded.
You hit the ogre.
The ogre is moderately wounded.
The cerulean imp hits you from afar with a +0 spear.
The ogre misses you.
You hit the ogre.
The ogre is moderately wounded.
Natasha casts a spell.
The cerulean imp hits you from afar with a +0 spear.
You barely miss the ogre.
The ogre is moderately wounded.
The ogre hits you with a +0 giant club!!
Ouch! That really hurt!
* * * LOW HITPOINT WARNING * * *
You hit the ogre.
The ogre is heavily wounded.
The cerulean imp closely misses you.
You hit the ogre.
The ogre is severely wounded.
The cerulean imp closely misses you.
The ogre hits you with a +0 giant club!!
Ouch! That really hurt!
You die...

#... #...
##....## #...
#### .......#
#... ...##
.......#
##... ##..##
....5..#
#....# #....
##..#
....hK5#
#....# #.###
##.#####
#####O##
#....###..
#.(...## #@#
#........#
#####..# #.#
#...†.###
##.#
#.#######.##
#.#
#......##.##
#.##
##.........#
#..#
###.###.##..#
##.## #...#
#.#...#
#..###.###
#.#.#.#
##..##.#
#...#.#


You could see an ogre, Natasha, 2 cerulean imps and a kobold.

Vanquished Creatures
  Natasha (D:2)
  A dart slug (D:1)
  2 endoplasms
  3 goblins (D:1)
  2 hobgoblins
  3 jackals (D:2)
  A kobold (D:2)
  7 quokkas
  5 bats
  3 frilled lizards
  2 rats (D:1)
30 creatures vanquished.

Notes
Turn   | Place    | Note
-------+----------+-------------------------------------------
     0 | D:1      | cowhearter the Kobold Monk began the quest for the Orb.
     0 | D:1      | Reached XP level 1. HP: 14/14 MP: 1/1
     1 | D:1      | Found a runed translucent door.
   319 | D:1      | Reached XP level 2. HP: 17/19 MP: 2/2
  1062 | D:1      | Reached XP level 3. HP: 23/23 MP: 3/3
  1289 | D:2      | Reached skill level 1 in Stealth
  1418 | D:2      | Noticed Natasha
  1427 | D:2      | Killed Natasha
  1428 | D:2      | Reached skill level 5 in Short Blades
  1428 | D:2      | Reached XP level 4. HP: 19/29 MP: 4/4
  1634 | D:2      | Noticed Natasha
  1635 | D:2      | Noticed an ogre
  1647 | D:2      | Demolished by an ogre

Illustrated notes

Levels and vault maps discovered:
D:1:      dpeg_arrival_caged_fury, layout_basic
D:2:      layout_basic, uniq_natasha

Skill      XL: |  1  2  3 |
---------------+----------+-----
Stealth        | 1 |  1.8
Short Blades   | 5 |  5.3
Dodging        | 4 |  4.0
Fighting       | |  3.7

Action                     |  1- 3 |  4- 6 || total
---------------------------+-------+-------++-------
  Melee: Short sword       |    84 |    27 ||   111
   Stab: Sleeping          |     6 |       ||     6
 Armour: Robe              |    16 |     9 ||    25
  Dodge: Dodged            |    49 |    23 ||    72

Table legend: (Time is in decaauts)
 A = Elapsed time spent in this place.
 B = Non-inter-level travel time spent in this place.
 C = Inter-level travel time spent in this place.
 D = Time resting spent in this place.
 E = Time spent auto-exploring this place.
 F = Levels seen in this place.
 G = Mean time per level.
                   A        B        C        D        E       F      G
               +--------+--------+--------+--------+--------+-----+--------+
         Total |   1620 |   1620 |      0 |    215 |   1133 |   2 |  810.0 |
       Dungeon |   1620 |   1620 |      0 |    215 |   1133 |   2 |  810.0 |
               +--------+--------+--------+--------+--------+-----+--------+

Top non-repeatable levels by time:
     D:1: 1116 daAuts
     D:2: 504 daAuts
